 Dungeon Crawl Stone Soup version 0.31-a0-177-g4aa6249778 (webtiles) character file.

Game seed: 11408164481329494982

439 qw the Shooter (level 7, -7/64 HPs)
             Began as a Naga Hunter on June 18, 2023.
             Killed from afar by Maggie (18 damage)
             ... with a bolt of fire
             ... on level 6 of the Dungeon.
             The game lasted 00:01:10 (2710 turns).

qw the Shooter (Naga Hunter)                        Turns: 2710, Time: 00:01:11

Health: -7/64      AC:  5    Str: 14    XL:     7   Next: 1%
Magic:  7/7        EV: 15    Int:  9    God:
Gold:   238        SH:  0    Dex: 21    Spells: 6/6 levels left

rFire   . . .        Y - +0 shortbow
rCold   + . .        (shield currently unavailable)
rNeg    . . .        c - +0 leather armour
rPois   +            i - +0 helmet
rElec   .            e - +0 cloak
rCorr   .            (no gloves)
SInv    +            (no barding)
Will    +....        (no amulet)
Stlth   ++           b - ring "Liukluczau" {*Corrode rC+ Will+ EV+5 Dex+5}
HPRegen 0.30/turn    (no ring)
MPRegen 0.10/turn

%: corrode self (3%)
@: short of breath, very slow
A: AC +2, large, see invisible, deformed body, poison resistance, slowness 2,
spit poison 1, naga tail 1
a: Spit Poison


You were on level 6 of the Dungeon.
You visited 1 branch of the dungeon, and saw 5 of its levels.

You collected 238 gold pieces.


Innate Abilities, Weirdness & Mutations

Your serpentine skin is tough. (AC +2)
You have supernaturally acute eyesight. (SInv)
Armour fits poorly on your strangely shaped body.
Your system is resistant to poisons. (rPois)
You cover ground very slowly.
You can spit poison.
You have a snake-like lower body.


   Skills:
 - Level 4.0 Fighting
 + Level 6.4 Ranged Weapons
 - Level 2.1 Dodging
 - Level 1.5 Stealth


You had 6 spell levels left.
You didn't know any spells.
Your spell library was empty.

Inventory:

Hand Weapons
 Y - a +0 shortbow (weapon)
Armour
 c - a +0 leather armour (worn)
 e - a +0 cloak (worn)
 i - a +0 helmet (worn)
Jewellery
 b - the ring "Liukluczau" (left hand) {*Corrode rC+ Will+ EV+5 Dex+5}
   (You found it on level 3 of the Dungeon)

   [ring of evasion]

   EV:        It affects your evasion (+5).
   Dex:       It affects your dexterity (+5).
   rC:        It protects you from cold.
   *Corrode:  It may corrode you when you take damage.
   Will:      It increases your willpower.
Scrolls
 a - a scroll of identify
 h - a scroll of immolation {unknown}
Potions
 d - a potion of enlightenment {unknown}
 f - 3 potions of curing
 g - a potion of degeneration {unknown}

Dungeon Overview and Level Annotations

Branches:
Dungeon (6/15)
 Temple: D:4-7

Altars:

Shops:
D:4 :

Annotations:
D:6 Maggie


Message History

Maggie looks more healthy.
Maggie barely misses you.
You shoot an arrow. The arrow hits Maggie.
Maggie is heavily wounded.
Maggie closely misses you.
You shoot an arrow. The arrow hits Maggie!
Maggie is heavily wounded.
Maggie points at you and mumbles some strange words.
The bolt of fire hits you!!
2696 ||| UPGRADING to +0 helmet.
Maggie barely misses you.
You start putting on your armour.
You continue putting on your +0 helmet.
You have got your breath back.
Maggie closely misses you.
You continue putting on your +0 helmet.
Maggie closely misses you.
You continue putting on your +0 helmet.
Maggie gestures at you while chanting. The bolt of fire misses you.
You continue putting on your +0 helmet.
Maggie completely misses you.
You finish putting on your +0 helmet.
Maggie gives herself a magical halo, but it quickly sputters out.
Maggie barely misses you.
There is an open door here.
Maggie closely misses you. x2
There is an open door here.
Maggie hits you from afar with a +0 glaive!
Maggie hits you from afar with a +0 glaive!
Maggie mumbles some strange words.
Maggie attempts to bespell you! You resist with almost no effort.
2709 ||| INVOKING Spit Poison.
Aiming: Spit Poison (1% risk of failure)
Press: ? - help, Shift-Dir - straight line, f/p - Maggie The splash of poison hits Maggie.
Maggie completely resists.
Maggie is heavily wounded.
You shoot an arrow. The arrow barely misses Maggie.
Maggie barely misses you. Maggie gestures at you while chanting.
The bolt of fire hits you!!
You die...

..... ... #.#
#"# #### #.#
..###'##
#.##...##
#.#@....##
#@.......##
..###.........#
..............+
..###.........#
##.......##
##.....##
##...## #+##


You could see Maggie.

Vanquished Creatures
  2 jellies (D:4)
  3 orc priests (D:4)
  A sleepcap (D:6)
  Ijyb (D:4)
  4 orc wizards (D:4)
  3 adders
  3 worms
  5 dart slugs
  13 orcs
  5 endoplasms
  2 giant cockroaches
  5 goblins
  6 hobgoblins
  7 jackals
  2 quokkas
  3 ball pythons
  8 bats
  6 frilled lizards
  5 kobolds
  7 rats
91 creatures vanquished.

Notes
Turn   | Place    | Note
-------+----------+-------------------------------------------
     0 | D:1      | qw the Naga Hunter began the quest for the Orb.
     0 | D:1      | Reached XP level 1. HP: 19/19 MP: 1/1
     0 | D:1      | 0 ||| qw: Version: 0.3-a-7-ge0c9b40
     0 | D:1      | 0 ||| qw: Game counter: 810
     0 | D:1      | 0 ||| qw: Always use a shield: true
     0 | D:1      | 0 ||| qw: God list: Okawaru
     0 | D:1      | 0 ||| qw: Allow faded altars: false
     0 | D:1      | 0 ||| qw: Do Orc after D:15 true
     0 | D:1      | 0 ||| qw: Do second Lair branch before Depths: true
     0 | D:1      | 0 ||| qw: Lair rune preference: random
     0 | D:1      | 0 ||| qw: Plans: Normal
     0 | D:1      | 0 ||| PLANNING D:1-11
    27 | D:1      | 27 ||| INVOKING Spit Poison.
    53 | D:1      | 53 ||| INVOKING Spit Poison.
    83 | D:1      | 83 ||| INVOKING Spit Poison.
    85 | D:1      | Reached skill level 4 in Ranged Weapons
    85 | D:1      | Reached XP level 2. HP: 26/26 MP: 2/2
   110 | D:1      | 110 ||| INVOKING Spit Poison.
   114 | D:1      | 114 ||| INVOKING Spit Poison.
   119 | D:1      | 119 ||| INVOKING Spit Poison.
   124 | D:1      | 124 ||| INVOKING Spit Poison.
   172 | D:1      | 172 ||| INVOKING Spit Poison.
   180 | D:1      | 180 ||| INVOKING Spit Poison.
   185 | D:1      | 185 ||| INVOKING Spit Poison.
   190 | D:1      | 190 ||| INVOKING Spit Poison.
   205 | D:1      | 205 ||| INVOKING Spit Poison.
   260 | D:1      | 260 ||| INVOKING Spit Poison.
   330 | D:1      | 330 ||| INVOKING Spit Poison.
   332 | D:1      | Reached XP level 3. HP: 29/32 MP: 3/3
   440 | D:1      | 440 ||| INVOKING Spit Poison.
   462 | D:1      | 462 ||| INVOKING Spit Poison.
   492 | D:1      | 492 ||| INVOKING Spit Poison.
   508 | D:1      | 508 ||| INVOKING Spit Poison.
   567 | D:1      | 567 ||| INVOKING Spit Poison.
   658 | D:1      | 658 ||| READING 2 scrolls labelled EFEGGU EWASICO.
   659 | D:1      | 659 ||| READING scroll labelled OTAOJO BUMAOCHOD.
   660 | D:1      | 660 ||| READING scroll labelled AHA KYUNLOAKH.
   661 | D:1      | 661 ||| DROPPING scroll of butterflies.
   685 | D:2      | 685 ||| INVOKING Spit Poison.
   686 | D:2      | 686 ||| INVOKING Spit Poison.
   690 | D:2      | 690 ||| INVOKING Spit Poison.
   694 | D:2      | 694 ||| INVOKING Spit Poison.
   719 | D:2      | 719 ||| INVOKING Spit Poison.
   745 | D:2      | 745 ||| INVOKING Spit Poison.
   759 | D:2      | 759 ||| INVOKING Spit Poison.
   795 | D:2      | 795 ||| INVOKING Spit Poison.
   798 | D:2      | 798 ||| INVOKING Spit Poison.
   803 | D:2      | Reached skill level 5 in Ranged Weapons
   803 | D:2      | Reached XP level 4. HP: 31/39 MP: 4/4
   850 | D:2      | 850 ||| INVOKING Spit Poison.
   931 | D:2      | 931 ||| INVOKING Spit Poison.
   934 | D:2      | 934 ||| INVOKING Spit Poison.
   972 | D:2      | 972 ||| INVOKING Spit Poison.
  1098 | D:2      | 1098 ||| UPGRADING to +0 cloak.
  1103 | D:2      | 1103 ||| READING scroll labelled OTITEJUNUU.
  1104 | D:2      | 1104 ||| READING scroll labelled RYMOSM SICW.
  1173 | D:2      | 1173 ||| READING 3 scrolls of identify.
  1173 | D:2      | 1173 ||| IDENTIFYING sedimented cyan potion
  1174 | D:2      | 1174 ||| READING 2 scrolls of identify.
  1174 | D:2      | 1174 ||| IDENTIFYING grey potion
  1175 | D:2      | 1175 ||| DROPPING potion of berserk rage.
  1224 | D:3      | Identified the ring "Liukluczau" {*Corrode rC+ Will+ EV+5
                  | Dex+5}
  1256 | D:3      | 1256 ||| INVOKING Spit Poison.
  1298 | D:3      | 1298 ||| INVOKING Spit Poison.
  1309 | D:3      | 1309 ||| INVOKING Spit Poison.
  1313 | D:3      | 1313 ||| INVOKING Spit Poison.
  1393 | D:3      | 1393 ||| INVOKING Spit Poison.
  1414 | D:3      | 1414 ||| INVOKING Spit Poison.
  1424 | D:3      | 1424 ||| INVOKING Spit Poison.
  1487 | D:3      | 1487 ||| INVOKING Spit Poison.
  1684 | D:3      | 1684 ||| INVOKING Spit Poison.
  1767 | D:3      | 1767 ||| UPGRADING to ring "Liukluczau" {*Corrode rC+ Will+
                  | EV+5 Dex+5}.
  1768 | D:3      | 1768 ||| READING scroll labelled UDGHAR RAIZIKH.
  1769 | D:3      | 1769 ||| READING scroll labelled JAECRY TIKHLUD.
  1770 | D:3      | 1770 ||| READING scroll labelled GATHRI PUOTEB.
  1855 | D:4      | Reached skill level 3 in Fighting
  1855 | D:4      | Reached XP level 5. HP: 37/49 MP: 5/5
  1933 | D:4      | 1933 ||| INVOKING Spit Poison.
  1936 | D:4      | 1936 ||| INVOKING Spit Poison.
  1942 | D:4      | 1942 ||| INVOKING Spit Poison.
  1948 | D:4      | 1948 ||| INVOKING Spit Poison.
  1997 | D:4      | Noticed Ijyb
  1998 | D:4      | 1998 ||| INVOKING Spit Poison.
  2001 | D:4      | 2001 ||| INVOKING Spit Poison.
  2004 | D:4      | 2004 ||| INVOKING Spit Poison.
  2009 | D:4      | Killed Ijyb
  2011 | D:4      | 2011 ||| INVOKING Spit Poison.
  2028 | D:4      | 2028 ||| INVOKING Spit Poison.
  2071 | D:4      | 2071 ||| INVOKING Spit Poison.
  2133 | D:4      | 2133 ||| INVOKING Spit Poison.
  2158 | D:4      | 2158 ||| INVOKING Spit Poison.
  2206 | D:4      | Reached XP level 6. HP: 56/56 MP: 6/6
  2306 | D:4      | 2306 ||| INVOKING Spit Poison.
  2327 | D:4      | Found Emufoage's Self-Improvement Boutique.
  2328 | D:4      | 2328 ||| INVOKING Spit Poison.
  2335 | D:4      | 2335 ||| INVOKING Spit Poison.
  2341 | D:4      | 2341 ||| INVOKING Spit Poison.
  2343 | D:4      | Reached skill level 6 in Ranged Weapons
  2370 | D:4      | 2370 ||| INVOKING Spit Poison.
  2470 | D:4      | 2470 ||| INVOKING Spit Poison.
  2475 | D:4      | 2475 ||| INVOKING Spit Poison.
  2480 | D:4      | 2480 ||| INVOKING Spit Poison.
  2532 | D:4      | 2532 ||| INVOKING Spit Poison.
  2540 | D:4      | 2540 ||| INVOKING Spit Poison.
  2554 | D:4      | 2554 ||| INVOKING Spit Poison.
  2563 | D:4      | Identified the +7 spear of Zeobler {flame, rPois Will+}
  2574 | D:4      | 2574 ||| INVOKING Spit Poison.
  2659 | D:4      | You fall into a shaft and drop 2 floors!
  2679 | D:6      | Reached XP level 7. HP: 64/64 MP: 7/7
  2681 | D:6      | Noticed Maggie
  2685 | D:6      | 2685 ||| INVOKING Spit Poison.
  2692 | D:6      | 2692 ||| INVOKING Spit Poison.
  2696 | D:6      | 2696 ||| UPGRADING to +0 helmet.
  2706 | D:6      | HP: 10/64 [Maggie/+0 glaive (8)]
  2709 | D:6      | 2709 ||| INVOKING Spit Poison.
  2710 | D:6      | Killed from afar by Maggie

Levels and vault maps discovered:
D:1:      minmay_arrival_five_plusses, layout_loops_ring, glass_columns_b
D:2:      layout_rooms
D:3:      layout_loops_ring
D:4:      layout_loops_corners, nicolae_shop_self_help, uniq_ijyb
D:6:      layout_loops_corners, uniq_pikel, uniq_sigmund, uniq_blork_the_orc,
          uniq_maggie

Skill      XL: |  1  2  3  4  5  6 |
---------------+-------------------+-----
Ranged Weapons | 4 5 6 |  6.4
Fighting       | 3 4 |  4.0
Dodging        | 2 |  2.1
Stealth        | |  1.5

Action                     |  1- 3 |  4- 6 |  7- 9 || total
---------------------------+-------+-------+-------++-------
   Fire: Shortbow          |    78 |   120 |    13 ||   211
Ability: Spit Poison       |    27 |    37 |     3 ||    67
    Use: Scroll            |     3 |     7 |       ||    10
 Armour: Leather armour    |    13 |     8 |       ||    21
  Dodge: Dodged            |    27 |    29 |    15 ||    71

Table legend:
 A = Non-vault XP
 B = Vault XP
 C = Vault XP percentage of total XP
 D = Non-vault monster count
 E = Vault monster count
 F = Vault count percentage of total count
                 A         B        C        D         E       F
            +---------+---------+-------+---------+---------+-------
      Total |     592 |      36 |   5.7 |      90 |       1 |   1.1
            +---------+---------+-------+---------+---------+-------
        D:1 |      43 |       0 |   0.0 |      27 |       0 |   0.0
        D:2 |      52 |       0 |   0.0 |      20 |       0 |   0.0
        D:3 |      34 |       0 |   0.0 |      11 |       0 |   0.0
        D:4 |     426 |      36 |   7.8 |      31 |       1 |   3.1
        D:6 |      37 |       0 |   0.0 |       1 |       0 |   0.0
            +---------+---------+-------+---------+---------+-------
